Construct Infanterie Kompanie
Selects Mechanized Battlegroup
Construct Luftwaffe Kompanie
Selects StuG Assault Group
Construct Panzergrenadier Kompanie
Selects Stoßtruppen Assault Package
Construct Panzer Kompanie
Construct Panzer Kompanie
Selects Panther Heavy Tank
Selects Zeroing Artillery Barrage
Zeroing Artillery Barrage
Zeroing Artillery Barrage
Panzergrenadier Officer Quarters
Luftwaffe Officer Quarters
Infanterie Officer Quarters
Zeroing Artillery Barrage
Zeroing Artillery Barrage